 Dungeon Crawl Stone Soup version 0.29-a0-520-gc852659d43 (webtiles) character file.

Game seed: 12691273912214873231

347 Bruhh the Grave Robber (level 6, 0/53 HPs)
             Began as an Ogre Necromancer on May 31, 2022.
             Killed from afar by a white imp (11 damage)
             ... with a puff of frost
             ... on level 4 of the Dungeon.
             The game lasted 00:03:25 (4463 turns).

Bruhh the Grave Robber (Ogre Necromancer)           Turns: 4463, Time: 00:03:26

Health: 0/53       AC:  3    Str: 13    XL:     6   Next: 59%
Magic:  6/23       EV:  9    Int: 18    God:
Gold:   274        SH:  0    Dex:  9    Spells: 12/16 levels left

rFire   . . .      SeeInvis .   e - +0 battleaxe
rCold   . . .      Faith    .   (shield currently unavailable)
rNeg    . . .      Spirit   .   a - +0 robe
rPois   .          Reflect  .   (helmet restricted)
rElec   .          Harm     .   (no cloak)
rCorr   .          Rampage  .   (gloves unavailable)
Will    .....                   (boots unavailable)
Stlth   +.........              (no amulet)
HPRegen 0.17/turn               i - ring of magical power
MPRegen 0.18/turn               (no ring)

@: invisible
A: large, unfitting armour, tough skin 1
a: no special abilities


You were on level 4 of the Dungeon.
You visited 1 branch of the dungeon, and saw 5 of its levels.

You collected 274 gold pieces.

Inventory:

Hand Weapons
 e - a +0 battleaxe (weapon)
Armour
 a - a +0 robe (worn)
Jewellery
 i - a ring of magical power (left hand)
 o - the ring of Trepidation {rF+++ Will+ Str+2 Int-5 SInv}
   (You found it on level 4 of the Dungeon)

   [ring of see invisible]

   Str:       It affects your strength (+2).
   Int:       It affects your intelligence (-5).
   rF:        It renders you almost immune to fire.
   SInv:      It lets you see invisible.
   Will:      It increases your willpower.
Scrolls
 c - 2 scrolls of identify {unknown}
 d - a scroll of teleportation {unknown}
 f - 3 scrolls of enchant armour {unknown}
 g - 2 scrolls of fog {unknown}
 l - a scroll of immolation {unknown}
 n - a scroll of enchant weapon {unknown}
 p - a scroll of poison {unknown}
Potions
 b - 2 potions of magic
 h - a potion of curing {unknown}
 j - a potion of degeneration {unknown}
 k - a potion of resistance {unknown}


   Skills:
 - Level 1.7 Dodging
 - Level 1.4 Stealth
 + Level 5.5 Spellcasting
 + Level 5.5 Necromancy


You had 12 spell levels left.
You knew the following spells:

 Your Spells              Type           Power      Damage    Failure   Level
a - Necrotize             Necr           100%       1d9       1%          1
b - Vampiric Draining     Necr           25%        2d7       3%          3

Your spell library contained the following spells:

 Spells                   Type           Power      Damage    Failure   Level
 Apportation              Tloc           8%         N/A       13%         1
 Animate Dead             Necr           25%        N/A       13%         4
 Agony                    Necr           25%        N/A       34%         5
 Conjure Flame            Conj/Fire      4%         6-21      36%         3
 Dazzling Flash           Conj/Hex       8%         N/A       36%         3
 Ignite Poison            Fire/Tmut/Pois 4%         N/A       36%         3
 Iskenderun's Mystic Bla  Conj/Tloc      4%         2d3       77%         4
 Sticky Flame             Conj/Fire      4%         2d3       77%         4
 Alistair's Intoxication  Tmut/Pois      2%         N/A       98%         5
 Starburst                Conj/Fire      2%         6d3       100%        6


Dungeon Overview and Level Annotations

Branches:
Dungeon (5/15)
 Temple: D:4-7

Altars:

Shops:
D:4 *


Innate Abilities, Weirdness & Mutations

You are too large for most types of armour.
You have tough skin. (AC +1)


Message History

You are too injured to fight recklessly!
Unknown command.
You are too injured to fight recklessly!
You closely miss the white imp.
The white imp is moderately wounded.
The white imp gestures at you. The puff of frost hits you.
Casting: Vampiric Draining (dangerous; 3% risk of failure)
Confirm with . or Enter, or press ? or * to list all spells.
You can't see any susceptible monsters within range! (Use Z to cast anyway.) Unknown command.
Unknown command.
Casting: Vampiric Draining (dangerous; 3% risk of failure)
Confirm with . or Enter, or press ? or * to list all spells.
Okay, then.
The white imp gestures at you. The puff of frost hits you!
Your magical contamination has completely faded away.
You climb upwards.
There is a stone staircase leading down here.
Unknown command.
You barely miss the white imp.
The white imp is moderately wounded.
The white imp gestures at you. The puff of frost hits you!
* * * LOW HITPOINT WARNING * * *
The white imp barely misses you.
Unknown command.
Casting: Vampiric Draining (dangerous; 3% risk of failure)
Confirm with . or Enter, or press ? or * to list all spells.
You can't see any susceptible monsters within range! (Use Z to cast anyway.)
Casting: Vampiric Draining (dangerous; 3% risk of failure)
Confirm with . or Enter, or press ? or * to list all spells.
Okay, then.
It was a potion of invisibility.
You fade into invisibility!
The white imp picks up a beetle and eats it.
The white imp gestures at you. The puff of frost hits you!
You die...

....# #.. ....# #.. ....# #####..
#...# #...... ##..#########
#.####. #...........# #.# #.
....#...###.# ####.####.
....#.#.....############.........
###.#..........5@................
#.##..##..#######.........(...)
###.##..##..#######.####.#..#####
........##..#............#.<#####
###.##.###..#.#####.####........<
# #[##.# #รท.#.# #.# #......####
# #.##.# #..#.# #.# #.#)...#### #
#.##.###..#.# #.# #.......... #
#.........#.#####.# #####..####


You could see a white imp (can't see you).

Vanquished Creatures
  A kobold brigand (D:4)
  A howler monkey (D:4)
  A hound (D:5)
  An iguana (D:5)
  2 orc wizards (D:4)
  6 adders
  2 dart slugs
  9 orcs
  6 bats
  3 endoplasms
  3 giant cockroaches
  6 goblins
  6 hobgoblins
  3 jackals (D:4)
  7 kobolds
  2 quokkas
  3 ball pythons
  3 frilled lizards
  4 rats
69 creatures vanquished.

Vanquished Creatures (collateral kills)
  A bat (D:1)
  A goblin (D:2)
2 creatures vanquished.

Vanquished Creatures (others)
  A fungus (D:5)
1 creature vanquished.

Grand Total: 72 creatures vanquished

Notes
Turn   | Place    | Note
-------+----------+-------------------------------------------
     0 | D:1      | Bruhh the Ogre Necromancer began the quest for the Orb.
     0 | D:1      | Reached XP level 1. HP: 16/16 MP: 3/3
   204 | D:1      | Reached XP level 2. HP: 24/24 MP: 2/5
  1313 | D:2      | Reached XP level 3. HP: 29/31 MP: 2/7
  1628 | D:2      | Learned a level 3 spell: Vampiric Draining
  2382 | D:3      | Reached XP level 4. HP: 39/39 MP: 9/9
  3131 | D:4      | Found Huebloib's Assorted Antiques.
  3134 | D:4      | Noticed a kobold brigand
  3144 | D:4      | Killed a kobold brigand
  3145 | D:4      | Reached XP level 5. HP: 31/45 MP: 8/11
  3366 | D:4      | Reached skill level 5 in Necromancy
  3865 | D:4      | Reached skill level 5 in Spellcasting
  3865 | D:4      | Reached XP level 6. HP: 50/53 MP: 13/13
  3975 | D:4      | Identified the ring of Trepidation {rF+++ Will+ Str+2 Int-5
                  | SInv}
  4150 | D:5      | Entered Level 5 of the Dungeon
  4463 | D:4      | Killed from afar by a white imp

Illustrated notes

Levels and vault maps discovered:
D:1:      dpeg_arrival_another_circle, layout_basic, serial_curves,
          eino_curves_04, eino_curves_01
D:2:      layout_basic
D:3:      minmay_general_purpose_star, layout_basic
D:4:      layout_loops_ring, serial_shops, nicolae_shop_advertising_works
          [nicolae_subvault_shop_adworks]
D:5:      corexii_shack_village, layout_basic, minmay_temple_entry_grid,
          minmay_misc_feat_plants, dreamdust_mushroom_princess

Skill      XL: |  1  2  3  4  5 |
---------------+----------------+-----
Spellcasting   | 3 4 5 |  5.5
Necromancy     | 4 5 |  5.5
Dodging        | |  1.7
Stealth        | |  1.4

Action                   |  1- 3 |  4- 6 || total
-------------------------+-------+-------++-------
Melee: Battleaxe         |    57 |    50 ||   107
 Cast: Necrotize         |    48 |    17 ||    65
       Vampiric Draining |       |    26 ||    26
  Use: Potion            |       |     1 ||     1
 Stab: Sleeping          |     1 |     1 ||     2
Armor: Robe              |    44 |    33 ||    77
Dodge: Dodged            |    44 |    81 ||   125

Table legend: (Time is in decaauts)
 A = Elapsed time spent in this place.
 B = Non-inter-level travel time spent in this place.
 C = Inter-level travel time spent in this place.
 D = Time resting spent in this place.
 E = Time spent auto-exploring this place.
 F = Levels seen in this place.
 G = Mean time per level.
                   A        B        C        D        E       F      G
               +--------+--------+--------+--------+--------+-----+--------+
         Total |   4536 |   4359 |    177 |    227 |   3591 |   5 |  907.2 |
       Dungeon |   4536 |   4359 |    177 |    227 |   3591 |   5 |  907.2 |
               +--------+--------+--------+--------+--------+-----+--------+

Top non-repeatable levels by time:
     D:4: 1354 daAuts
     D:3: 1281 daAuts
     D:1: 1214 daAuts
     D:2: 662 daAuts
     D:5: 24 daAuts
